 Dungeon Crawl Stone Soup version 0.19-a0-599-g723c685 (webtiles) character file.

174 tyrsky the Ducker (level 5, -3/22 HPs)
             Began as a Felid Transmuter on June 11, 2016.
             Killed from afar by an orc wizard (6 damage)
             ... with a magic dart
             ... on level 3 of the Dungeon.
             The game lasted 00:08:31 (3900 turns).

tyrsky the Ducker (Felid Transmuter)                Turns: 3900, Time: 00:08:31

Health: -3/22      AC:  2    Str:  8    XL:     5   Next: 28%
Magic:  10/11      EV: 20    Int: 15    God:
Gold:   134        SH:  0    Dex: 16    Spells: 2 memorised, 6 levels left
                                        Lives:  0   Deaths: 1

rFire  . . .     SeeInvis +       - Unarmed
rCold  . . .     Gourm    .     (armour unavailable)
rNeg   . . .     Faith    .     (shield unavailable)
rPois  .         Spirit   .     (helmet unavailable)
rElec  .         Dismiss  .     (cloak unavailable)
rCorr  .         Reflect  .     (gloves unavailable)
SustAt .         Harm     .     (boots unavailable)
MR     .....                    (no amulet)
Stlth  ++........               (no ring)
                                (no ring)

@: appendage, quick, not resistant to hostile enchantments, unstealthy
A: no armour, no weapons or thrown items, claws 1, fangs 3, horns 2, see
invisible, carnivore 3, speed 1, shaggy fur 2, slow metabolism 1, sharp paws
a: End Transformation


You were on level 3 of the Dungeon.
You were not hungry.
You had grown temporary horns.
You visited 1 branch of the dungeon, and saw 4 of its levels.

You collected 134 gold pieces.

Inventory:

Missiles
 a - 30 arrows
Jewellery
 e - an uncursed ring of poison resistance {unknown}
Scrolls
 d - 2 scrolls of remove curse {unknown}
 f - a scroll of enchant weapon {unknown}
 g - 2 scrolls of identify {unknown}
 i - a scroll of enchant armour {unknown}
 k - a scroll of magic mapping {unknown}
 o - a scroll of fog {unknown}
 q - a scroll of immolation {unknown}
Potions
 h - a potion of ambrosia {unknown}
 j - a potion of curing {unknown}
 l - a potion of heal wounds {unknown}
 m - a potion of beneficial mutation {unknown}
 p - a potion of cancellation {unknown}
Books
 b - a book of Changes

   Spells                             Type                      Level
   a - Beastly Appendage              Transmutation                1
   b - Sticks to Snakes               Transmutation                2
   c - Spider Form                    Transmutation/Poison         3
   d - Ice Form                       Ice/Transmutation            4
   e - Blade Hands                    Transmutation                5
Comestibles
 c - 3 meat rations
 n - a slice of pizza


   Skills:
 + Level 1.7 Fighting
 * Level 4.4 Dodging
 * Level 4.1 Unarmed Combat
 * Level 3.3 Spellcasting
 * Level 3.6 Transmutations
 * Level 1.6 Poison Magic


You had 6 spell levels left.
You knew the following spells:

 Your Spells              Type           Power        Failure   Level  Hunger
a - Beastly Appendage     Tmut           ##....       6%          1    None
b - Spider Form           Tmut/Pois      ##........   24%         3    ###....


Dungeon Overview and Level Annotations

Branches:
Dungeon (4/15)
 Temple: D:4-7

Altars:
Ashenzari
Nemelex Xobeh


Innate Abilities, Weirdness & Mutations

You cannot wear armour.
You are incapable of wielding weapons or throwing items.
You have sharp claws.
You have razor-sharp teeth.
You have supernaturally acute eyesight. (SInv)
You are carnivorous and can eat meat at any time.
You cover ground quickly.
You are covered in thick fur. (AC +2)
You have a slow metabolism.
Your sharp claws are effective at attacking unaware monsters.
You have a pair of horns on your head.


Message History

You are too injured to fight recklessly!
You are too injured to fight recklessly!
You are too injured to fight recklessly!
You are too injured to fight recklessly!
You are too injured to fight recklessly!
You are too injured to fight recklessly!
You are too injured to fight recklessly!
You are too injured to fight recklessly!
You scratch the orc wizard.
The orc wizard is severely wounded.
The orc wizard misses you. x2
You scratch the orc wizard. You headbutt the orc wizard.
You kill the orc wizard!
The orc wizard hits you with a dagger.
* * * LOW HITPOINT WARNING * * *
You scratch the orc wizard.
The orc wizard is moderately wounded.
The orc wizard casts a spell at you. The magic dart hits you!
You die...

......####.##..........###.....##
........##.##..............######
...........)...................)>
......#.##.................######
......#..####.....####.#.........
###.......# #........#.#......###
#.......# #........#'###....# #
#....)..# #..)o.............# # #
#.......# #...h.............# # #
#######.###.....##..........### #
#..####'####...........##
##########.## #.# #...!.......##
.........#..# #.# #...........##
.#######.##.# #.# #...........##
......##.##.###.# ########+##...
......##.##..##'###### #.##...
......##.###.........# #.##...


You could see an orc wizard.

Vanquished Creatures
  An orc priest (D:3)
  3 orc wizards (D:3)
  3 gnolls (D:2)
  5 adders
  3 oozes
  A worm (D:2)
  A dart slug (D:3)
  2 giant geckos
  14 orcs
  3 giant cockroaches
  6 goblins
  7 hobgoblins
  9 jackals
  9 kobolds
  A ball python (D:3)
  12 bats
  8 giant newts
  8 rats
96 creatures vanquished.

Notes
Turn   | Place    | Note
--------------------------------------------------------------
     0 | D:1      | tyrsky the Felid Transmuter began the quest for the Orb.
     0 | D:1      | Reached XP level 1. HP: 9/9 MP: 4/4
   270 | D:1      | Reached XP level 2. HP: 11/12 MP: 4/6
   790 | D:2      | Reached XP level 3. HP: 12/15 MP: 5/7
  1044 | D:2      | Reached XP level 4. HP: 12/19 MP: 6/8
  1059 | D:2      | Learned a level 3 spell: Spider Form
  2050 | D:2      | Reached XP level 5. HP: 13/22 MP: 7/10
  2368 | D:3      | Reached skill level 1 in Poison Magic
  3140 | D:3      | Found a sparkling altar of Nemelex Xobeh.
  3371 | D:3      | Found a shattered altar of Ashenzari.
  3573 | D:3      | Gained mutation: You are covered in thick fur. (AC +2) [Felid growth]
  3573 | D:3      | Reached XP level 6. HP: 9/25 MP: 9/11
  3865 | D:3      | Killed from afar by an orc wizard
  3866 | D:3      | Reached XP level 5. HP: -1/22 MP: 10/10
  3900 | D:3      | Killed from afar by an orc wizard

Vault maps used:
D:1:      wheals_arrival_linesprint, serial_bayou_lagoon_b
D:2:      uniq_iyjb
D:3:      lemuel_round_altar, minmay_misc_feat_doors, nemelex_spade_bored_becter
D:4:      lemuel_upstairs_altar, first_bread, lemuel_statue_altar, uniq_robin

Skill      XL: |  1  2  3  4  5 |
---------------+----------------+-----
Dodging        | 3 4 |  4.4
Transmutations | 3 |  3.6
Poison Magic   | 1 |  1.6
Spellcasting   | 3 |  3.3
Unarmed Combat | 4 |  4.1
Fighting       | |  1.7

Action                   |  1- 3 |  4- 6 || total
-------------------------+-------+-------++-------
Melee: Unarmed           |    84 |   204 ||   288
       Bite              |     6 |     6 ||    12
       Punch             |     2 |     1 ||     3
       Headbutt          |     5 |    20 ||    25
 Cast: Beastly Appendage |    19 |    33 ||    52
       Spider Form       |       |     7 ||     7
  Use: Potion            |       |     1 ||     1
 Stab: Sleeping          |     2 |     2 ||     4
  Eat: Chunk             |       |    15 ||    15
Armor: Skin              |     8 |    10 ||    18
Dodge: Dodged            |    82 |   182 ||   264
